 Dungeon Crawl Stone Soup version 0.30-a0-305-g026cb31310 (webtiles) character file.

Game seed: 7801547510004647115

135 GreatBamboolord the Grave Robber (level 4, -1/31 HPs)
             Began as a Demonspawn Necromancer on Oct 21, 2022.
             Killed from afar by an orc wizard (10 damage)
             ... with a magic dart
             ... on level 3 of the Dungeon.
             The game lasted 00:06:34 (2589 turns).

GreatBamboolord the Grave Robber (DsNe)             Turns: 2589, Time: 00:06:34

Health: -1/31      AC:  3    Str:  9    XL:     4   Next: 97%
Magic:  0/8        EV: 12    Int: 18    God:
Gold:   100        SH:  0    Dex: 13    Spells: 5/9 levels left

rFire   . . .      SeeInvis .    (no weapon)
rCold   . . .      Faith    .    (no shield)
rNeg    . . .      Spirit   .    a - +0 robe
rPois   .          Reflect  .    (no helmet)
rElec   .          Harm     .    (no cloak)
rCorr   .          Rampage  .    (no gloves)
Will    .....                    (no boots)
Stlth   ++........               (no amulet)
HPRegen 0.25/turn                (no ring)
MPRegen 0.11/turn                (no ring)

@: attractive, very slightly contaminated
A: powered by pain 1, sharp scales 1
a: no special abilities


You were on level 3 of the Dungeon.
You visited 1 branch of the dungeon, and saw 3 of its levels.

You collected 100 gold pieces.

Inventory:

Hand Weapons
 o - a +1 dagger of speed
Armour
 a - a +0 robe (worn)
Jewellery
 n - a ring of protection from cold
Scrolls
 d - a scroll of vulnerability {unknown}
 g - 2 scrolls of identify {unknown}
 j - a scroll of fog {unknown}
 k - a scroll of magic mapping {unknown}
 l - a scroll of fear {unknown}
 p - 3 scrolls of noise {unknown}
Potions
 b - a potion of magic
 c - a potion of lignification {unknown}
 e - a potion of brilliance {unknown}
 f - 2 potions of attraction
 h - 2 potions of cancellation {unknown}
 i - 2 potions of curing {unknown}
 m - a potion of mutation {unknown}


   Skills:
 * Level 0.9 Fighting
 * Level 2.0 Dodging
 + Level 1.8 Stealth
 * Level 3.0 Spellcasting
 * Level 0.6 Hexes
 * Level 5.8 Necromancy


You had 5 spell levels left.
You knew the following spells:

 Your Spells              Type           Power      Damage    Failure   Level
a - Necrotise             Necr           92%        1d8       1%          1
b - Vampiric Draining     Necr           23%        2d7       4%          3

Your spell library contained the following spells:

 Spells                   Type           Power      Damage    Failure   Level
 Animate Dead             Necr           23%        N/A       14%         4
 Ensorcelled Hibernation  Hex/Ice        6%         N/A       22%         2
 Tukima's Dance           Hex            5%         N/A       36%         3
 Anguish                  Hex/Necr       7%         N/A       38%         4
 Agony                    Necr           23%        N/A       38%         5
 Spider Form              Tmut/Pois      2%         N/A       43%         3
 Passage of Golubria      Tloc           2%         N/A       85%         4
 Yara's Violent Unravell  Hex/Tmut       1%         3d3       98%         5


Dungeon Overview and Level Annotations

Branches:
Dungeon (3/15)

Altars:
Fedhas
Qazlal

Annotations:
D:3 Robin


Innate Abilities, Weirdness & Mutations

You sometimes gain a little power by taking damage.
You are partially covered in razor-sharp scales. (AC +1, Slay +1)


Message History

You feel life coursing into your body. The hound closely misses you.
The orc priest closely misses you.
The orc wizard hits you with a +0 dagger.
* * * LOW HITPOINT WARNING * * *
Casting: Vampiric Draining (dangerous; 4% risk of failure)
Confirm with . or Enter, or press ? or * to list all spells.
Aiming: Vampiric Draining (dangerous; 4% risk of failure)
Press: ? - help, Shift-Dir - straight line, f/p - orc priest
Aim: an orc priest, wielding a +2 flail of holy wrath and wearing a +0 ring mail (severely wounded)
You draw life force from the orc priest!
You kill the orc priest!
You feel life coursing into your body. The hound bites you.
* * * LOW HITPOINT WARNING * * *
The orc wizard completely misses you. The hound barely misses you.
Your Spellcasting skill increases to level 3!
Casting: Vampiric Draining (dangerous; 4% risk of failure)
Confirm with . or Enter, or press ? or * to list all spells.
Aiming: Vampiric Draining (dangerous; 4% risk of failure)
Press: ? - help, Shift-Dir - straight line, f - orc wizard
Aim: an orc wizard, wielding a +0 dagger and wearing a +0 robe (lightly wounded)
You draw life force from the orc wizard!
You feel life coursing into your body. The hound bites you.
The orc wizard casts a spell at you. The puff of flame misses you.
The puff of flame hits the hound.
You hit the orc wizard but do no damage.
The orc wizard is almost dead.
The hound bites you but does no damage.
The orc wizard hits you with a +0 dagger.
The hound bites you but does no damage.
You miss the orc wizard.
The orc wizard is almost dead.
The hound barely misses you.
The orc wizard hits you with a +0 dagger.
* * * LOW HITPOINT WARNING * * *
It was a potion of attraction.
You feel attractive to monsters. The hound barely misses you.
The orc wizard points at you and mumbles some strange words.
The magic dart hits you!
You die...

##.##.#.#.#
......Z...## #.#
##..###.####. #.# ##.#
#.# .###.# ###.###.#
..#.# ......#)# #.#.#
###.#.#.######.#.####.#
###.#>#.........)h....#
...............#@#
#####........)>o.# ≈#
#)########.### .# #.#
#.# §## #)# ####.###
§.# #.# ##......# ..#
#)# ##..#..#.)#
P.###)###..###..#.#
P..##)##..## ##...#


You could see a hound and an orc wizard.

Vanquished Creatures
  An orc priest (D:3)
  A gnoll (D:2)
  2 adders (D:2)
  A worm (D:2)
  3 dart slugs
  3 bats
  4 endoplasms
  3 giant cockroaches
  12 goblins
  6 hobgoblins
  4 jackals
  3 quokkas
  2 ball pythons
  A frilled lizard (D:1)
  7 kobolds
  5 rats
58 creatures vanquished.

Vanquished Creatures (collateral kills)
  A dart slug (D:3)
  A hobgoblin (D:3)
2 creatures vanquished.

Grand Total: 60 creatures vanquished

Notes
Turn   | Place    | Note
-------+----------+-------------------------------------------
     0 | D:1      | GreatBamboolord the Demonspawn Necromancer began the quest
                  | for the Orb.
     0 | D:1      | Reached XP level 1. HP: 13/13 MP: 3/3
   219 | D:1      | Gained mutation: You sometimes gain a little power by
                  | taking damage. [demonic ancestry]
   219 | D:1      | Reached XP level 2. HP: 19/19 MP: 0/5
   357 | D:1      | Reached skill level 5 in Necromancy
   943 | D:2      | Reached XP level 3. HP: 24/24 MP: 1/6
  1364 | D:2      | Learned a level 3 spell: Vampiric Draining
  1531 | D:2      | Gained mutation: You are partially covered in razor-sharp
                  | scales. (AC +1, Slay +1) [demonic ancestry]
  1531 | D:2      | Reached XP level 4. HP: 26/31 MP: 3/7
  2024 | D:2      | Found a faded altar of an unknown god.
  2298 | D:3      | Noticed Robin
  2471 | D:3      | Found a blossoming altar of Fedhas.
  2473 | D:3      | Found a stormy altar of Qazlal.
  2589 | D:3      | Killed from afar by an orc wizard

Illustrated notes

Levels and vault maps discovered:
D:1:      dpeg_chamrin_arrival_tetris, layout_basic
D:2:      layout_basic, dilly_ecumenical_altar_fadedgnrine
D:3:      layout_loops_ring, grunt_temple_overflow_forces_of_nature,
          nemelex_diamond_rough_becter, minmay_misc_feat_tower, uniq_robin

Skill      XL: |  1  2  3  4 |
---------------+-------------+-----
Necromancy     | 5 |  5.8
Dodging        | 2 |  2.0
Spellcasting   | 3 |  3.0
Fighting       | |  0.9
Stealth        | |  1.8
Hexes          | |  0.6

Action                   |  1- 3 |  4- 6 || total
-------------------------+-------+-------++-------
Melee: Unarmed           |    11 |    16 ||    27
 Cast: Necrotise         |    61 |    43 ||   104
       Vampiric Draining |       |     3 ||     3
  Use: Potion            |       |     1 ||     1
Armor: Robe              |     4 |    12 ||    16
Dodge: Dodged            |    16 |    30 ||    46

Table legend: (Time is in decaauts)
 A = Elapsed time spent in this place.
 B = Non-inter-level travel time spent in this place.
 C = Inter-level travel time spent in this place.
 D = Time resting spent in this place.
 E = Time spent auto-exploring this place.
 F = Levels seen in this place.
 G = Mean time per level.
                   A        B        C        D        E       F      G
               +--------+--------+--------+--------+--------+-----+--------+
         Total |   2589 |   2542 |     47 |    134 |   2038 |   3 |  863.0 |
       Dungeon |   2589 |   2542 |     47 |    134 |   2038 |   3 |  863.0 |
               +--------+--------+--------+--------+--------+-----+--------+

Top non-repeatable levels by time:
     D:2: 1430 daAuts
     D:1: 894 daAuts
     D:3: 265 daAuts
